 Dungeon Crawl Stone Soup version 0.30-a0-1075-gcd70e7a56d (webtiles) character file.

Game seed: 11302783029210023933

3693 kiwi3s the Fighter (level 9, -21/124 HPs)
             Began as a Minotaur Berserker on Apr 14, 2023.
             Was a Priest of Trog.
             Killed from afar by an acid dragon (31 damage)
             ... with a splash of acid
             ... on level 9 of the Dungeon.
             The game lasted 00:08:16 (8399 turns).

kiwi3s the Fighter (Minotaur Berserker)             Turns: 8399, Time: 00:08:16

Health: -21/124    AC:  5    Str: 26    XL:     9   Next: 90%
Magic:  8/8        EV: 14    Int:  4    God:    Trog [***...]
Gold:   239        SH:  0    Dex: 10    Spells: 8/8 levels left

rFire   + . .      SeeInvis .    a - +0 hand axe
rCold   + . .      Faith    .    (no shield)
rNeg    . . .      Spirit   .    P - +0 steam dragon scales
rPois   .          Reflect  .    (helmet restricted)
rElec   .          Rampage  .    n - scarf {rC+ rF+}
rCorr   .                        (no gloves)
Will    .....                    w - +1 pair of boots Stlth
                                 (no amulet)
HPRegen 0.40/turn                (no ring)
MPRegen 0.11/turn                (no ring)

@: berserking, corroded, very quick
A: horns 2, retaliatory headbutt
a: Renounce Religion, Berserk, Trog's Hand


You were on level 9 of the Dungeon.
You worshipped Trog.
Trog was most pleased with you.
You visited 1 branch of the dungeon, and saw 9 of its levels.

You collected 329 gold pieces.
You spent 90 gold pieces at shops.

Inventory:

Hand Weapons
 a - a +0 hand axe (weapon)
Missiles
 s - a throwing net (quivered)
Armour
 b - a +0 animal skin
 n - a scarf of resistance (worn)
 o - a +0 scale mail
 w - a +1 pair of boots (worn)
 P - +0 steam dragon scales (worn)
Jewellery
 j - a ring of protection from fire
 q - an amulet of reflection
 x - an amulet of faith
 M - an amulet of magic regeneration
Wands
 u - a wand of mindburst (32)
 B - a wand of flame (16)
 D - a wand of digging (6)
 J - a wand of acid (15)
 N - a wand of polymorph (5)
Scrolls
 c - 11 scrolls of identify {unknown}
 f - a scroll of summoning {unknown}
 h - a scroll of blinking {unknown}
 i - a scroll of magic mapping {unknown}
 k - a scroll of silence {unknown}
 l - a scroll of fear {unknown}
 p - a scroll of enchant armour {unknown}
 r - a scroll of torment {unknown}
 t - 2 scrolls of teleportation {unknown}
 y - 2 scrolls of fog {unknown}
 z - a scroll of amnesia {unknown}
 A - 2 scrolls of noise {unknown}
 C - 2 scrolls of vulnerability {unknown}
 G - a scroll of enchant weapon {unknown}
 I - a scroll of brand weapon {unknown}
Potions
 d - 4 potions of flight
 e - 6 potions of curing
 g - 3 potions of heal wounds {unknown}
 m - 2 potions of mutation {unknown}
 v - 2 potions of resistance {unknown}
 E - 2 potions of haste
 F - 2 potions of brilliance {unknown}
 H - 2 potions of cancellation {unknown}
 K - a potion of ambrosia {unknown}
 L - 2 potions of invisibility {unknown}
 O - a potion of experience {unknown}


   Skills:
 + Level 9.3 Fighting
 + Level 9.3 Axes
 + Level 8.9 Armour
 + Level 8.1 Dodging


You had 8 spell levels left.
You didn't know any spells.
Your spell library was empty.

Dungeon Overview and Level Annotations

Branches:
Dungeon (9/15)             Temple (0/1) D:7
   Lair: D:8-11         Orc: D:9-12

Altars:
Dithmenos
Makhleb
Qazlal
Ru
Trog
Wu Jian
Xom

Shops:
D:6 !


Innate Abilities, Weirdness & Mutations

You have a pair of horns on your head.
You reflexively headbutt those who attack you in melee.


Message History

The acid dragon spits acid at you. The splash of acid hits you!!
You barely miss the acid dragon. Your headbutt misses the acid dragon.
You slash the acid dragon! The acid dragon bites you.
The acid dragon claws you but does no damage.
The acid dragon bites you! The acid dragon completely misses you.
Unknown command.
You are too injured to fight recklessly!
You slash the acid dragon!
The acid dragon is moderately wounded.
You barely miss the acid dragon. The acid dragon bites you.
* * * LOW HITPOINT WARNING * * *
The acid dragon barely misses you. The acid dragon misses you.
The acid dragon barely misses you.
You are too injured to fight recklessly!
Unknown command.
You hit the acid dragon. You headbutt the acid dragon!
The acid dragon is severely wounded.
You hit the acid dragon. You slash the acid dragon!
Your headbutt misses the acid dragon.
The acid dragon is almost dead.
You closely miss the acid dragon. The acid dragon spits acid at you.
The splash of acid hits you!!
* * * LOW HITPOINT WARNING * * *
The steam dragon breathes steam at you. The ball of steam hits you. You resist.
* * * LOW HITPOINT WARNING * * *
You are too injured to fight recklessly!
Unknown command.
You hit the two-headed ogre.
The two-headed ogre is lightly wounded.
You slash the acid dragon!
You kill the acid dragon!
Trog accepts your kill.
The acid dragon scales are intact enough to wear.
You slash the steam dragon! You barely miss the acid dragon.
The acid dragon spits acid at you. The splash of acid hits you!!
You die...

### #..... #.### #.....
#...# #..... #
###.###..... #.
#..####.## ##..
######..###.## .....
#......>......
......#####.#######.####
......O@§§......# #.....
#####.DD§.......# #####.
#...........#
#.............
#...........###
#...........#
#...........#
#...........#


You could see a two-headed ogre, a steam dragon and an acid dragon (catching
breath).

Vanquished Creatures
  A hornet (D:7)
  Prince Ribbit (D:8)
  A shadow (D:9)
  A wyvern (D:8)
  2 steam dragons
  Menkaure (D:6)
  An acid dragon (D:9)
  2 water moccasins
  Duvessa (D:7)
  3 sky beasts
  A black bear (D:7)
  An orc warrior (D:8)
  An ogre (D:5)
  2 centaurs
  A phantom (D:6)
  2 kobold brigands
  4 bullfrogs
  4 scorpions
  Dowan (D:7)
  4 howler monkeys
  A jelly (D:4)
  3 orc priests (D:8)
  2 gnoll boudas
  Jessica (D:2)
  3 iguanas
  Terence (D:2)
  Natasha (D:2)
  4 orc wizards
  11 gnolls
  9 adders
  2 white imps
  An ufetubus (D:5)
  2 worms (D:2)
  2 dart slugs (D:2)
  18 orcs
  4 ball pythons
  4 bats
  7 endoplasms
  4 giant cockroaches
  2 goblins
  4 hobgoblins
  11 jackals
  5 quokkas
  7 frilled lizards
  15 kobolds
  5 rats
164 creatures vanquished.

Notes
Turn   | Place    | Note
-------+----------+-------------------------------------------
     0 | D:1      | kiwi3s the Minotaur Berserker began the quest for the Orb.
     0 | D:1      | Reached XP level 1. HP: 19/19 MP: 0/0
   214 | D:1      | Reached XP level 2. HP: 27/27 MP: 1/1
   793 | D:2      | Noticed Jessica
   805 | D:2      | Killed Jessica
   806 | D:2      | Reached XP level 3. HP: 14/33 MP: 2/2
   986 | D:2      | Found a shadowy altar of Dithmenos.
  1081 | D:2      | Reached XP level 4. HP: 23/41 MP: 3/3
  1257 | D:2      | Reached ** piety under Trog
  1266 | D:2      | Noticed Natasha
  1270 | D:2      | Killed Natasha
  1344 | D:2      | Noticed Terence
  1356 | D:2      | Killed Terence
  1359 | D:2      | Reached XP level 5. HP: 34/47 MP: 4/4
  2479 | D:3      | Reached skill level 5 in Fighting
  2479 | D:3      | Reached skill level 5 in Axes
  2888 | D:4      | Reached XP level 6. HP: 49/56 MP: 5/5
  2926 | D:4      | Found a burning altar of Makhleb.
  2975 | D:4      | Found a bloodstained altar of Trog.
  3728 | D:4      | Found an ornate altar of the Wu Jian Council.
  3814 | D:5      | Entered Level 5 of the Dungeon
  3988 | D:5      | Reached skill level 5 in Armour
  3988 | D:5      | Reached XP level 7. HP: 62/62 MP: 6/6
  4109 | D:5      | Reached skill level 5 in Dodging
  4177 | D:5      | Found a sacrificial altar of Ru.
  4641 | D:6      | Found a shimmering altar of Xom.
  5032 | D:6      | Reached XP level 8. HP: 54/71 MP: 7/7
  5111 | D:6      | Found Wiorph's Distillery.
  5119 | D:6      | Bought a potion of curing for 45 gold pieces
  5119 | D:6      | Bought a potion of flight for 45 gold pieces
  5146 | D:6      | Noticed Menkaure
  5153 | D:6      | Killed Menkaure
  5589 | D:6      | Reached *** piety under Trog
  5976 | D:7      | Noticed Duvessa
  5978 | D:7      | Noticed Dowan
  5984 | D:7      | Killed Duvessa
  5993 | D:7      | Reached XP level 9. HP: 81/81 MP: 8/8
  5995 | D:7      | Killed Dowan
  6113 | D:7      | Found a stormy altar of Qazlal.
  6487 | D:7      | Found a staircase to the Ecumenical Temple.
  7794 | D:8      | Noticed Prince Ribbit
  7812 | D:8      | Killed Prince Ribbit
  8392 | D:9      | Noticed a two-headed ogre
  8399 | D:9      | Killed from afar by an acid dragon

Illustrated notes

Levels and vault maps discovered:
D:1:      wander_arrival_desolate, layout_basic, serial_curves, eino_curves_01,
          eino_curves_04
D:2:      layout_basic, basic_altar, uniq_natasha, uniq_terence, uniq_jessica
D:3:      layout_loops_ring, minmay_close_crescents
D:4:      layout_cave_pods, mainiacjoe_overflow_small_starburst,
          mainiacjoe_overflow_surrounded_room,
          mainiacjoe_overflow_six_doors_small
D:5:      layout_loops_ring, lemuel_doored_altar
D:6:      layout_basic, xom_teletrap_fun, serial_shops,
          nicolae_shop_temple_entry_statues_fountains, uniq_menkaure
D:7:      layout_rooms, nicolae_qazlal_scattered_showers,
          minmay_temple_entry_stoned_glass, uniq_duvessa
D:8:      layout_basic, uniq_prince_ribbit1
D:9:      layout_basic, overflow_temple_1_default, nicolae_transporter_circle

Skill      XL: |  1  2  3  4  5  6  7  8  9 |
---------------+----------------------------+-----
Axes           | 4 5 6 8 9 |  9.3
Fighting       | 4 5 6 8 9 |  9.3
Armour         | 3 4 5 6 7 8 |  8.9
Dodging        | 3 4 5 6 8 |  8.1

Action                     |  1- 3 |  4- 6 |  7- 9 || total
---------------------------+-------+-------+-------++-------
  Melee: Hand axe          |    75 |   126 |   340 ||   541
         Headbutt          |    10 |    21 |    57 ||    88
         Punch             |     2 |     2 |     5 ||     9
 Invoke: Berserk           |       |     1 |     4 ||     5
   Stab: Distracted        |     1 |       |       ||     1
 Armour: Animal skin       |    17 |     3 |       ||    20
         Scale mail        |       |    39 |   127 ||   166
         Steam dragon scal |       |       |     4 ||     4
  Dodge: Dodged            |    54 |    63 |   184 ||   301

Table legend: (Time is in decaauts)
 A = Elapsed time spent in this place.
 B = Non-inter-level travel time spent in this place.
 C = Inter-level travel time spent in this place.
 D = Time resting spent in this place.
 E = Time spent auto-exploring this place.
 F = Levels seen in this place.
 G = Mean time per level.
                   A        B        C        D        E       F      G
               +--------+--------+--------+--------+--------+-----+--------+
         Total |   8431 |   8140 |    291 |    630 |   6491 |   9 |  936.8 |
       Dungeon |   8431 |   8140 |    291 |    630 |   6491 |   9 |  936.8 |
               +--------+--------+--------+--------+--------+-----+--------+

Top non-repeatable levels by time:
     D:8: 1551 daAuts
     D:2: 1408 daAuts
     D:6: 1387 daAuts
     D:4: 939 daAuts
     D:3: 830 daAuts
     D:5: 739 daAuts
     D:7: 718 daAuts
     D:1: 659 daAuts
     D:9: 195 daAuts
